 Dungeon Crawl Stone Soup version 0.20.0-1-g1cb1d84 (webtiles) character file.

28635 welfe the Blocker (level 13, -5/90 HPs)
             Began as a Demonspawn Wanderer on May 27, 2017.
             Was a High Priest of Qazlal.
             Splashed by a deep elf sorcerer's acid (8 damage)
             ... on level 13 of the Dungeon.
             The game lasted 00:47:40 (12500 turns).

welfe the Blocker (Demonspawn Wanderer)            Turns: 12500, Time: 00:47:41

Health: -5/90      AC: 14    Str: 31    XL:     13   Next: 10%
Magic:  0/21       EV: 13    Int: 21    God:    Qazlal [*****.]
Gold:   893        SH: 22    Dex: 17    Spells: 11/12 levels left

rFire    + . .     SeeInvis +   b - +2 flail (protect)
rCold    + + .     Gourm    .   w - +2 shield of Panentheism {rC++ Int+5 Slay+3}
rNeg     . . .     Faith    .   s - +0 plate armour
rPois    +         Spirit   +   (helmet unavailable)
rElec    .         Reflect  .   (no cloak)
rCorr    .         Harm     .   F - +1 pair of gloves
MR       +....     Clarity  +   (no boots)
Stlth    ..........             P - amulet "Qimeomu" {Spirit *Contam rPois rF+ Str+4 Int+4 Dex+2}
Regen    0.3/turn               d - +3 ring of strength
MPRegen  0.2/turn               n - +6 ring of evasion

@: mighty, corroded, protection aura, drained, repel missiles
A: antennae 3, fangs 1, rugged brown scales 1, clarity, demonic guardian 1,
magic resistance 1, spiny 1, strong 1, augmentation 1
a: Upheaval, Elemental Force, Disaster Area, Renounce Religion


You were on level 13 of the Dungeon.
You worshipped Qazlal.
Qazlal was extremely pleased with you.
You were very hungry.

You visited 1 branch of the dungeon, and saw 13 of its levels.
You also visited: Sewer and Ossuary.

You collected 893 gold pieces.

Inventory:

Hand Weapons
 a - a +3 hand crossbow of flaming
 b - a +2 flail of protection (weapon)
Missiles
 j - 20 poisoned needles
 m - 337 stones
 q - 2 tomahawks (quivered)
 Q - 34 bolts
Armour
 s - a +0 plate armour (worn)
 w - the +2 shield of Panentheism (worn) {rC++ Int+5 Slay+3}
   (You found it on level 4 of the Dungeon)

   It affects your intelligence (+5).
   It affects your accuracy and damage with ranged weapons and melee attacks
   (+3).
   It greatly protects you from cold.
 F - a +1 pair of gloves (worn)
Jewellery
 d - a +3 ring of strength (left hand)
 n - a +6 ring of evasion (right hand)
 M - a cursed -2 ring of strength
 P - the amulet "Qimeomu" (around neck) {Spirit *Contam rPois rF+ Str+4 Int+4 Dex+2}
   (You took it off a human on level 13 of the Dungeon)

   [amulet of guardian spirit]

   It causes incoming damage to be split between your health and magic.
   It affects your strength (+4).
   It affects your intelligence (+4).
   It affects your dexterity (+2).
   It protects you from fire.
   It protects you from poison.
   It causes magical contamination when unequipped.
Wands
 C - a wand of flame (20/48)
 G - a wand of confusion (24/48)
Scrolls
 e - 3 scrolls of fear
 i - 19 scrolls of identify
 l - 6 scrolls of magic mapping {!r}
 t - 10 scrolls of teleportation
 x - 3 scrolls of amnesia
 E - 4 scrolls of enchant armour
 L - 5 scrolls of remove curse
 O - a scroll of immolation {!r}
Potions
 c - 3 potions of curing
 o - 7 potions of mutation {!q}
 u - 3 potions of haste
 z - 2 potions of brilliance
 A - a potion of heal wounds
 B - a potion of might
 D - 3 potions of flight
 H - 2 potions of invisibility
 J - 3 potions of lignification {!q}
 N - a potion of magic
Books
 r - a book of Air
 y - a book of the Warp
 I - a book of Party Tricks
 K - a book of Debilitation
Comestibles
 f - 14 bread rations
 h - 8 royal jellies
 p - 16 fruits
 v - 13 meat rations


   Skills:
 - Level 3.7(3.3) Fighting
 * Level 10.3(9.8) Maces & Flails
 - Level 9.1(8.7) Crossbows
 - Level 1.0(0.6) Throwing
 - Level 4.5(4.1) Armour
 - Level 1.0(0.6) Stealth
 * Level 12.3(11.8) Shields
 - Level 0.1(0.0) Unarmed Combat
 - Level 3.0(2.6) Summonings
 - Level 11.3(10.8) Invocations


You had 11 spell levels left.
You knew the following spells:

 Your Spells              Type           Power        Failure   Level  Hunger
B - Summon Butterflies    Summ           ##......     63%         1    ##.....


Dungeon Overview and Level Annotations

Branches:
Dungeon (13/15)            Temple (0/1) D:7            Lair (0/6) D:8
    Orc (0/2) D:10         Vaults (0/5) D:13

Altars:
Dithmenos
Elyvilon
Hepliaklqana
Kikubaaqudgha
Makhleb
Nemelex Xobeh
Okawaru
Qazlal
Uskayaw
Vehumet
The Shining One

Shops:
D:6 ?

Annotations:
D:11 Harold


Innate Abilities, Weirdness & Mutations

You have a pair of large antennae on your head. (SInv)
You are partially covered in rugged brown scales. (AC +1, +3% HP)
A weak demonic guardian rushes to your aid.
You are partially covered in sharp spines.
Your magical and physical power is slightly enhanced at high health.
You have very sharp teeth.
You possess an exceptional clarity of mind.
You are resistant to hostile enchantments. (MR+)
Your muscles are strong. (Str +2)


Message History

You thump the deep elf sorcerer!
The deep elf sorcerer is struck by your spines.
The deep elf sorcerer hits you but does no damage.
You closely miss the deep elf sorcerer.
The deep elf sorcerer mumbles some strange words.
You feel disoriented.
The deep elf sorcerer barely misses you.
You sock the deep elf sorcerer!
The deep elf sorcerer casts a spell at you.
The bolt of acid hits you!
* * * LOW MAGIC WARNING * * *;
* * * LOW HITPOINT WARNING * * *
The acid corrodes you!
You are splashed with acid!
The acid burns!
* * * LOW MAGIC WARNING * * *;
* * * LOW HITPOINT WARNING * * *
You take 17 damage, and have 22/90 hp.
You now have 3/21 mp.
You sock the deep elf sorcerer! You bite the deep elf sorcerer!
The deep elf sorcerer points at you and mumbles some strange words.
The bolt of acid hits you!
* * * LOW MAGIC WARNING * * *;
* * * LOW HITPOINT WARNING * * *
You are splashed with acid!
The acid burns!
You die...

##'##.#[#.#.#.#.
#...'.#N#)#.'...
#....(..# #....({.#
#...'.#)#.#.'...
##'##.#.#.#.#.#. #.
#.#[#.#.# # # #
#.#.#e#.# . #....5@.# .
#...§)§.# . ####'#### .
#.)...# . #....)# ### #
###+#)##########.......
#.⌠.⌠))|...............
#.......).#............
###.....).#............


You could see a deep elf sorcerer and a friendly quasit.

Vault maps used:
D:1:      mushboom_english_gardens
D:2:      minitemple, first_bread
D:4:      kennysheep_mini, nicolae_overflow_crystal_walls, serial_aquarium,
          aquarium_bridge_square, aquarium_window_1, aquarium_window_1,
          aquarium_view_2e, minmay_misc_feat_more_columns,
          kennysheep_another_room, kennysheep_donut, minmay_misc_feat_alley
D:5:      gup_sewer_entry_bowl, uniq_blork_the_orc
D:6:      nicolae_tso_besieged_by_evil, serial_shops, shop, basic_altar
D:7:      nicolae_overflow_hidden_temple, minmay_temple_entry_statues_pillars,
          enter_ossuary_4, serial_bayou, serial_bayou_crossing,
          serial_bayou_shore_b, serial_bayou_lagoon_b, serial_bayou_pond_d,
          grunt_livestock
D:8:      dpeg_oklobed_lair, uniq_gastronok, uniq_prince_ribbit1
D:9:      basic_altar, nooodl_food_tri
D:10:     orc_0_dummy, kennysheep_pointless_box, abandoned_shop
D:11:     basic_altar, grunt_ministairs_15, uniq_harold
D:12:     uniq_rupert
D:13:     evilmike_library_of_no_secrets, grunt_vaults_entry_tiered,
          minmay_ruined_shrine
Sewer:    sewer_co_cracked_pipes
Ossuary:  ossuary_crypta

Notes
Turn   | Place    | Note
-------+----------+-------------------------------------------
     0 | D:1      | welfe the Demonspawn Wanderer began the quest for the Orb.
     0 | D:1      | welfe set off with: a +2 hand crossbow, a potion of curing, a +0 ring mail, a bread ration, 29 bolts
     0 | D:1      | Reached XP level 1. HP: 16/16 MP: 1/1
    16 | D:1      | Identified a +0 helmet (You found it on level 1 of the Dungeon)
   195 | D:1      | Gained mutation: You have a pair of small antennae on your head. [demonic ancestry]
   195 | D:1      | Reached XP level 2. HP: 22/22 MP: 2/2
   278 | D:1      | Reached skill level 2 in Crossbows
   640 | D:2      | Gained mutation: A weak demonic guardian rushes to your aid. [demonic ancestry]
   640 | D:2      | Reached XP level 3. HP: 27/27 MP: 3/3
   647 | D:2      | Reached skill level 3 in Crossbows
   859 | D:2      | Found a hazy altar of Hepliaklqana.
   861 | D:2      | Found a radiant altar of Vehumet.
   862 | D:2      | Found a burning altar of Makhleb.
   863 | D:2      | Found a white marble altar of Elyvilon.
   864 | D:2      | Found a stormy altar of Qazlal.
   867 | D:2      | Became a worshipper of Qazlal Stormbringer
   997 | D:2      | Gained mutation: You are partially covered in sharp spines. [demonic ancestry]
   997 | D:2      | Reached XP level 4. HP: 29/33 MP: 4/4
  1010 | D:2      | Identified a ring of loudness (You found it on level 2 of the Dungeon)
  1011 | D:2      | Identified 4 scrolls of identify
  1011 | D:2      | Identified a potion of berserk rage
  1012 | D:2      | Identified a scroll of enchant armour
  1013 | D:2      | Identified 2 scrolls of remove curse
  1014 | D:2      | Identified a scroll of magic mapping
  1200 | D:3      | Reached skill level 4 in Crossbows
  1261 | D:3      | Identified a cursed +0 plate armour (You found it on level 3 of the Dungeon)
  1437 | D:3      | Reached XP level 5. HP: 33/38 MP: 5/5
  1438 | D:3      | Reached * piety under Qazlal
  1555 | D:3      | Reached skill level 1 in Invocations
  1713 | D:4      | Got a crude shield
  1719 | D:4      | Identified the +2 shield of Panentheism {rC++ Int+5 Slay+3} (You found it on level 4 of the Dungeon)
  1801 | D:4      | Noticed an ogre
  1816 | D:4      | Killed an ogre
  1816 | D:4      | Reached skill level 5 in Crossbows
  1816 | D:4      | Reached skill level 2 in Invocations
  1816 | D:4      | Reached XP level 6. HP: 28/44 MP: 6/8
  2015 | D:4      | Reached skill level 3 in Invocations
  2020 | D:4      | Identified an amulet of rage (You found it on level 4 of the Dungeon)
  2164 | D:4      | Found an ancient bone altar of Kikubaaqudgha.
  2205 | D:4      | Identified a +0 pair of gloves (You found it on level 4 of the Dungeon)
  2363 | D:4      | Found a sparkling altar of Nemelex Xobeh.
  2383 | D:5      | Entered Level 5 of the Dungeon
  2636 | D:5      | Noticed Blork the orc
  2643 | D:5      | Killed Blork the orc
  2643 | D:5      | Reached skill level 4 in Invocations
  2672 | D:5      | Noticed a water moccasin
  2678 | D:5      | Killed a water moccasin
  2678 | D:5      | Gained mutation: You have a pair of antennae on your head. [demonic ancestry]
  2678 | D:5      | Reached XP level 7. HP: 48/50 MP: 10/10
  2898 | D:5      | Found a glowing drain.
  2902 | Sewer    | Entered a sewer
  2982 | Sewer    | Reached skill level 6 in Crossbows
  3381 | D:5      | Reached skill level 5 in Invocations
  3627 | D:6      | Noticed Monsterracer's ghost (amateur FoAK)
  3633 | D:6      | Killed Monsterracer's ghost
  3780 | D:6      | Found Eraluuv's Magic Scroll Emporium.
  3786 | D:6      | Noticed a hippogriff
  3790 | D:6      | Killed a hippogriff
  3790 | D:6      | Reached ** piety under Qazlal
  3790 | D:6      | Reached skill level 1 in Shields
  3836 | D:6      | Reached skill level 6 in Invocations
  3862 | D:6      | Reached XP level 8. HP: 53/56 MP: 12/12
  3866 | D:6      | Reached skill level 2 in Shields
  3871 | D:6      | Found a glowing golden altar of the Shining One.
  4174 | D:6      | Found a hide-covered altar of Uskayaw.
  4213 | D:6      | Reached skill level 7 in Crossbows
  4515 | D:6      | Reached skill level 3 in Shields
  4515 | D:6      | Reached skill level 7 in Invocations
  4592 | D:7      | Found a sand-covered staircase.
  4613 | Ossuary  | Entered an ossuary
  4772 | Ossuary  | Reached *** piety under Qazlal
  4881 | Ossuary  | Identified 9 scrolls of teleportation
  4882 | Ossuary  | Identified 2 scrolls of immolation
  4883 | Ossuary  | Identified 2 scrolls of fear
  4884 | Ossuary  | Identified a scroll of recharging
  4885 | Ossuary  | Identified 2 scrolls of amnesia
  4886 | Ossuary  | Identified a scroll of enchant weapon
  4887 | Ossuary  | Identified 2 scrolls of blinking
  4888 | Ossuary  | Identified 4 scrolls of random uselessness
  4982 | D:7      | Found a staircase to the Ecumenical Temple.
  4984 | D:7      | Identified 2 potions of ambrosia
  4985 | D:7      | Identified 4 potions of mutation
  4985 | D:7      | Gained mutation: You possess an exceptional clarity of mind. [potion of mutation]
  4985 | D:7      | Gained mutation: You have very sharp teeth. [potion of mutation]
  4985 | D:7      | Gained mutation: Your muscles are strong. (Str +2) [potion of mutation]
  4985 | D:7      | Gained mutation: You are resistant to hostile enchantments. (MR+) [potion of mutation]
  4986 | D:7      | Identified 2 potions of flight
  4987 | D:7      | Identified 7 potions of degeneration
  4988 | D:7      | Identified a potion of haste
  4989 | D:7      | Identified a potion of might
  4990 | D:7      | Identified 3 potions of brilliance
  4991 | D:7      | Identified a potion of cancellation
  4992 | D:7      | Identified a potion of magic
  4993 | D:7      | Identified a potion of invisibility
  4994 | D:7      | Identified 3 potions of lignification
  4995 | D:7      | Identified a potion of agility
  5190 | D:7      | Reached skill level 8 in Invocations
  5193 | D:7      | Reached skill level 4 in Shields
  5196 | D:7      | Reached XP level 9. HP: 57/61 MP: 15/15
  5207 | D:7      | Reached skill level 8 in Crossbows
  5286 | D:7      | Reached skill level 9 in Invocations
  5934 | D:7      | Reached skill level 5 in Shields
  6138 | D:7      | Found an iron altar of Okawaru.
  6308 | D:8      | Found a staircase to the Lair.
  6337 | D:8      | Reached **** piety under Qazlal
  6366 | D:8      | Noticed Prince Ribbit
  6370 | D:8      | Killed Prince Ribbit
  6451 | D:8      | Noticed Gastronok
  6469 | D:8      | Killed Gastronok
  6469 | D:8      | Reached skill level 9 in Crossbows
  6469 | D:8      | Reached skill level 6 in Shields
  6469 | D:8      | Reached skill level 10 in Invocations
  6469 | D:8      | Gained mutation: You are partially covered in rugged brown scales. (AC +1, +3% HP) [demonic ancestry]
  6469 | D:8      | Reached XP level 10. HP: 41/69 MP: 10/18
  6766 | D:8      | Noticed asdu's ghost (novice DEAM)
  6953 | D:8      | Noticed a two-headed ogre
  6965 | D:8      | Killed a two-headed ogre
  6965 | D:8      | Reached skill level 3 in Fighting
  6965 | D:8      | Reached skill level 11 in Invocations
  6983 | D:8      | Identified a scroll of fog
  6993 | D:8      | Killed asdu's ghost
  6993 | D:8      | Reached skill level 7 in Shields
  7429 | D:8      | Identified a +2 flail of protection (You took it off an orc on level 8 of the Dungeon)
  7433 | D:8      | Identified a +3 hand crossbow
  7517 | D:9      | Found a shadowy altar of Dithmenos.
  7552 | D:9      | Reached skill level 1 in Maces & Flails
  8098 | D:9      | Identified a +2 hat (You took it off Gastronok on level 8 of the Dungeon)
  8098 | D:9      | Identified a ring of strength (You found it on level 8 of the Dungeon)
  8099 | D:9      | Identified a ring of evasion (You found it on level 7 of the Dungeon)
  8102 | D:9      | Learned a level 1 spell: Summon Butterflies
  8135 | D:10     | Entered Level 10 of the Dungeon
  8311 | D:10     | Found a staircase to the Orcish Mines.
  8491 | D:10     | Reached skill level 2 in Maces & Flails
  8797 | D:11     | Reached skill level 1 in Summonings
  8803 | D:11     | Noticed a two-headed ogre
  8811 | D:11     | Killed a two-headed ogre
  8811 | D:11     | Reached skill level 2 in Summonings
  8846 | D:11     | Reached skill level 3 in Maces & Flails
  8910 | D:11     | Noticed Harold
  8921 | D:11     | Reached skill level 8 in Shields
  9267 | D:11     | Found a stormy altar of Qazlal.
  9278 | D:11     | Gained mutation: Your magical and physical power is slightly enhanced at high health. [demonic ancestry]
  9278 | D:11     | Reached XP level 11. HP: 78/78 MP: 19/19
  9333 | D:11     | Identified a scroll of brand weapon
  9354 | D:11     | Reached skill level 3 in Summonings
  9507 | D:11     | Identified a +1 pair of gloves (You found it on level 11 of the Dungeon)
  9704 | D:12     | Killed an unseen horror
  9704 | D:12     | Reached skill level 4 in Maces & Flails
  9900 | D:12     | Noticed Rupert
  9920 | D:12     | Killed Rupert
  9920 | D:12     | Reached skill level 5 in Maces & Flails
  9920 | D:12     | Reached skill level 9 in Shields
 10301 | D:12     | Noticed a purple ugly thing
 10306 | D:12     | Killed a purple ugly thing
 10336 | D:12     | Noticed a two-headed ogre
 10340 | D:12     | Noticed a green ugly thing
 10341 | D:12     | Killed a two-headed ogre
 10341 | D:12     | Reached skill level 6 in Maces & Flails
 10346 | D:12     | Killed a green ugly thing
 10643 | D:13     | Killed an unseen horror
 10643 | D:13     | Reached skill level 10 in Shields
 10711 | D:13     | Reached skill level 7 in Maces & Flails
 10712 | D:13     | Noticed a two-headed ogre
 10716 | D:13     | Killed a two-headed ogre
 10717 | D:13     | Noticed a tengu warrior
 10728 | D:13     | Killed a tengu warrior
 10728 | D:13     | Gained mutation: You have a pair of large antennae on your head. (SInv) [demonic ancestry]
 10728 | D:13     | Reached XP level 12. HP: 69/85 MP: 20/20
 10807 | D:13     | Found a hide-covered altar of Uskayaw.
 10861 | D:13     | Noticed a vault guard
 11060 | D:12     | Killed a vault guard
 11060 | D:12     | Reached skill level 8 in Maces & Flails
 11264 | D:13     | Reached skill level 11 in Shields
 11394 | D:13     | Reached skill level 9 in Maces & Flails
 11749 | D:13     | Reached ***** piety under Qazlal
 11955 | D:13     | Found a gate to the Vaults.
 12067 | D:13     | Got a coiled pewter amulet
 12092 | D:13     | Reached skill level 12 in Shields
 12154 | D:13     | Reached skill level 10 in Maces & Flails
 12314 | D:13     | Identified the amulet "Qimeomu" {Spirit *Contam rPois rF+ Str+4 Int+4 Dex+2} (You took it off a human on level 13 of the Dungeon)
 12392 | D:13     | Reached XP level 13. HP: 56/90 MP: 8/21
 12398 | D:13     | Paralysed by an orc sorcerer for 7 turns
 12463 | D:13     | Noticed a deep elf sorcerer
 12469 | D:13     | Killed a deep elf sorcerer
 12490 | D:13     | Noticed a deep elf sorcerer
 12499 | D:13     | HP: 22/90 [acid (6)]
 12500 | D:13     | HP: 3/90 [deep elf sorcerer/bolt of acid (19)]
 12500 | D:13     | Splashed by a deep elf sorcerer's acid

Table legend:
 A = Turns spent in this place as a percentage of turns spent in the entire game.
 B = Non-inter-level travel turns spent in this place as a percentage of non-inter-level travel turns spent in the entire game.
 C = Inter-level travel turns spent in this place as a percentage of turns spent in this place.
 D = Turns resting spent in this place as a percentage of non-inter-level travel turns spent in this place.
 E = Turns spent auto-exploring this place as a percentage of non-inter-level travel turns spent in this place.
 F = Non-inter-level travel turns spent in this place divided by the number of levels of this place that you've seen.
                   A       B       C       D       E      F
               +-------+-------+-------+-------+-------+----------------------
         Total | 100.0 | 100.0 |   0.5 |   2.2 |   8.5 | 236.9
       Dungeon |  89.7 |  89.6 |   0.6 |   2.3 |   8.9 | 245.1
         Sewer |   3.8 |   3.8 |   0.0 |   0.0 |  10.4 | 135.0
       Ossuary |   6.5 |   6.6 |   0.0 |   1.7 |   1.3 | 233.0
               +-------+-------+-------+-------+-------+----------------------

Table legend:
 A = Kills in this place as a percentage of kills in entire the game.
 B = Kills by you in this place as a percentage of kills by you in the entire game.
 C = Kills by friends in this place as a percentage of kills by friends in the entire game.
 D = Other kills in this place as a percentage of other kills in the entire game.
 E = Experience gained in this place as a percentage of experience gained in the entire game.
 F = Experience gained in this place divided by the number of levels of this place that you have seen.
                   A       B       C       D       E      F
               +-------+-------+-------+-------+-------+----------------------
         Total | 100.0 | 100.0 | 100.0 |  -nan | 100.0 | 2727.2
       Dungeon |  93.4 |  93.0 | 100.0 |  -nan |  99.6 | 3133.6
         Sewer |   3.2 |   3.4 |   0.0 |  -nan |   0.1 |  47.0
       Ossuary |   3.4 |   3.7 |   0.0 |  -nan |   0.3 | 124.0
               +-------+-------+-------+-------+-------+----------------------

Skill      XL: |  1  2  3  4  5  6  7  8  9 10 11 12 |
---------------+-------------------------------------+-----
Crossbows      | 2 3 4 5 6 7 9 |  9.1
Invocations    | 2 4 6 8 10 11 | 11.3
Shields        | 1 4 6 8 10 12 | 12.3
Fighting       | 3 |  3.7
Maces & Flails | 3 7 10 | 10.3
Summonings     | 2 3 |  3.0
Throwing       | |  1.0
Armour         | |  4.5
Stealth        | |  1.0
Unarmed Combat | |  0.1

Action                   |  1- 3 |  4- 6 |  7- 9 | 10-12 | 13-15 || total
-------------------------+-------+-------+-------+-------+-------++-------
Melee: Flail             |       |       |       |   506 |    16 ||   522
       Bite              |       |       |       |    83 |     8 ||    91
 Fire: Hand crossbow     |    78 |    97 |   308 |    57 |     7 ||   547
Throw: Tomahawk          |       |       |     2 |     7 |     2 ||    11
       Stone             |       |       |       |     8 |       ||     8
Invok: Elemental Force   |       |       |     1 |     2 |     1 ||     4
       Upheaval          |       |       |       |     4 |       ||     4
  Use: Scroll            |       |     5 |     8 |     3 |       ||    16
       Potion            |       |       |    12 |     5 |     5 ||    22
 Stab: Distracted        |       |       |       |     2 |       ||     2
  Eat: Chunk             |       |     4 |    11 |    22 |       ||    37
       Fruit             |       |     1 |     1 |       |       ||     2
Armor: Ring mail         |    17 |     8 |       |       |       ||    25
       Plate armour      |       |    10 |    45 |   149 |    10 ||   214
Dodge: Dodged            |    16 |     5 |     6 |    98 |     6 ||   131
       Deflected         |       |       |       |     3 |     1 ||     4
Block: Shield            |       |    14 |    81 |   459 |     7 ||   561

Vanquished Creatures
  Rupert (D:12)
  A deep elf sorcerer (D:13)
  A vault guard (D:12)
  4 two-headed ogres
  A tengu warrior (D:13)
  The ghost of asdu the Destroyer, a novice DEAM of Vehumet (D:8)
  2 unseen horrors
  2 necromancers (D:13)
  A wizard (D:13)
  A mana viper (shapeshifter) (D:13)
  5 deep elf magi (D:13)
  2 orc sorcerers (D:13)
  A manticore (D:13)
  2 ugly things (D:12)
  4 naga magi (D:13)
  A yaktaur (D:13)
  A komodo dragon (D:13)
  2 kobold demonologists
  2 trolls (D:13)
  A hornet (D:11)
  Prince Ribbit (D:8)
  3 hippogriffs
  A wyvern (D:13)
  3 wraiths
  4 yaks (D:11)
  4 hogs (D:7)
  2 hungry ghosts
  18 humans
  An acid dragon (D:13)
  2 water moccasins
  4 orc warriors
  3 ice beasts
  2 black bears
  A phantom (D:12)
  2 sky beasts
  5 ogres
  2 necrophages (D:11)
  2 bullfrogs
  A gnoll sergeant (D:13)
  A wyvern zombie (D:6)
  A water moccasin zombie (D:11)
  2 wyvern skeletons
  4 scorpions
  6 killer bees (D:13)
  3 wights (D:13)
  2 electric eels (D:7)
  5 howler monkeys
  2 crimson imps
  3 jellies
  2 quasits
  2 bullfrog zombies
  4 hounds
  A human zombie (Ossuary)
  4 orc priests
  13 orc wizards
  A bullfrog skeleton (D:10)
  3 iguanas
  11 worker ants
  A hound zombie (D:9)
  4 mummies (Ossuary)
  6 gnolls
  11 adders
  8 shadow imps
  3 adder skeletons
  A dart slug (D:2)
  6 leopard geckos
  45 orcs
  4 giant cockroaches
  2 gnoll zombies (Ossuary)
  13 hobgoblins
  4 jackals
  5 kobolds
  4 quokkas
  3 ball pythons (Sewer)
  6 bats
  8 frilled lizards
  3 goblins
  A goblin skeleton (D:6)
  3 goblin zombies
  2 hobgoblin zombies
  A kobold skeleton (D:6)
  2 kobold zombies
  A leopard gecko skeleton (D:6)
  5 orc zombies
  9 rats
328 creatures vanquished.

Vanquished Creatures (collateral kills)
  Gastronok (D:8)
  2 deep elf magi (D:13)
  2 humans (D:13)
  The ghost of Monsterracer the Slasher, an amateur FoAK of Lugonu (D:6)
  A hungry ghost (D:11)
  An ogre (D:13)
  Blork the orc (D:5)
  A bullfrog (D:9)
  A scorpion (D:13)
  A howler monkey (D:8)
  2 hounds
  A worker ant (D:13)
  An adder (D:3)
  5 orcs
21 creatures vanquished.

Vanquished Creatures (others)
  An orc (D:7)
  5 fungi (D:4)
6 creatures vanquished.

Grand Total: 355 creatures vanquished
